AoeStats
← 哈哈哈我不是数字名字

Arena

510509571Analyzed
4v4 RM · 20h ago on Oct 1, 2026· 64m 17s· 8 players
Game mode
Random Map
Map size
Large (8 player)
Population
200
Speed
Normal
Resources
Standard
Victory
Conquest
Starting age
Dark Age
Ending age
Imperial Age
RankedLock teamsTeams togetherTeam positionsShared explorationLock speedFull tech treeHidden civsTurbo modeCheats
Victory
Defeat
🇹🇼 Spanish · Taiwan
894
+13
🇧🇪 Burgundians · Belgium
766
+18
🇨🇴 Goths · Colombia
720
+20
🇺🇸 Mongols · United States
715
+20
898
-20
🇨🇳 Koreans · China
796
-17
792
-17
🇪🇸 Varangians · Spain
791
-17
Harvey_Specter
11:57 Feudal Age
16:40 Castle Age
15:13 Double-Bit Axe
16:05 Horse Collar
17:57 Heavy Plow
22:19 Bow Saw
24:31 Gold Mining
25:48 Stone Mining
27:00 Wheelbarrow
28:43 Hand Cart
33:13 Imperial Age
31:52 Forging
31:42 Scale Mail Armor
31:46 Caravan
31:55 Arson
34:32 Iron Casting
34:46 Ballistics
35:27 Chemistry
35:01 Crop Rotation
35:39 Two-Man Saw
34:58 Chain Mail Armor
35:13 Conscription
36:42 Blast Furnace
35:23 Elite Varangian Guard
37:19 Plate Mail Armor
37:58 Gothikon
41:02 Scale Barding Armor
40:22 Cavalier
41:03 Husbandry
41:13 Bloodlines
41:53 Husbandry
41:55 Vendel Legacy
50:37 Chain Barding Armor
52:14 Plate Barding Armor
59:19 Capped Ram
61:08 Siege Ram
哈哈哈我不是数字名字
3:51 Loom
11:53 Feudal Age
12:29 Double-Bit Axe
13:20 Wheelbarrow
12:28 Horse Collar
15:08 Gold Mining
16:25 Stone Mining
19:31 Castle Age
17:52 Fletching
19:01 Forging
20:32 Hand Cart
20:25 Heavy Plow
20:40 Bow Saw
21:07 Stone Shaft Mining
23:58 Town Watch
25:38 Masonry
28:45 Imperial Age
28:06 Ballistics
28:37 Guard Tower
29:02 Fortified Wall
30:16 Crenellations
32:24 Chemistry
31:46 Bodkin Arrow
33:12 Conscription
33:41 Crop Rotation
35:02 Gambesons
35:20 Squires
35:05 Arson
36:42 Keep
36:28 Bombard Tower
35:58 Capped Ram
37:27 Elite Teutonic Knight
38:56 Arrowslits
39:20 Siege Engineers
40:47 Forging
40:37 Scale Mail Armor
43:23 Iron Casting
43:03 Chain Mail Armor
45:58 Blast Furnace
45:30 Plate Mail Armor
46:22 Ironclad
45:25 Heavy Scorpion
47:56 Scale Barding Armor
50:24 Guilds
50:44 Coinage
52:59 Bloodlines
52:13 Cavalier
53:23 Chain Barding Armor
53:03 Padded Archer Armor
53:25 Paladin
砍德沃.基尔邦硬.香达菲基
7:06 Loom
10:06 Feudal Age
11:56 Feudal Age
12:24 Double-Bit Axe
16:27 Castle Age
14:28 Horse Collar
17:28 Bow Saw
23:52 Fervor
29:08 Imperial Age
30:07 Scale Mail Armor
30:17 Forging
30:26 Gold Mining
32:32 Iron Casting
32:12 Chain Mail Armor
32:27 Ballistics
32:55 Wheelbarrow
33:29 Heavy Plow
34:27 Masonry
34:50 Plate Mail Armor
35:20 Blast Furnace
34:47 Conscription
35:30 Gold Shaft Mining
37:06 Elite Woad Raider
40:17 Hoardings
39:58 Capped Ram
41:27 Stone Mining
41:17 Siege Ram
42:16 Fletching
42:43 Caravan
44:11 Pikeman
44:57 Bodkin Arrow
45:40 Stronghold
46:02 Furor Celtica
45:27 Halberdier
47:23 Stone Shaft Mining
48:02 Murder Holes
49:22 Padded Archer Armor
48:57 Heavy Scorpion
50:23 Hand Cart
50:57 Hoardings
50:57 Siege Engineers
55:40 Chemistry
69279406
11:52 Feudal Age
18:23 Castle Age
17:13 Double-Bit Axe
17:14 Horse Collar
18:23 Stone Mining
25:23 Heavy Plow
29:43 Wheelbarrow
29:49 Treadmill Crane
32:45 Imperial Age
32:52 Imperial Age
31:12 Fletching
31:38 Masonry
32:38 Hand Cart
31:47 Pikeman
32:28 Squires
33:06 Scale Barding Armor
33:01 Scale Mail Armor
33:12 Forging
32:58 Bodkin Arrow
33:59 Conscription
35:42 Stone Shaft Mining
34:58 Gold Mining
34:38 Capped Ram
35:32 Siege Engineers
36:07 Chain Mail Armor
36:27 Iron Casting
36:22 Murder Holes
36:58 Architecture
37:30 Chemistry
36:58 Fortified Wall
37:23 Eupseong
37:50 Ballistics
38:54 Gold Shaft Mining
37:47 Halberdier
37:48 Elite Fire Lancer
39:08 Arrowslits
39:45 Elite Fire Lancer
44:53 Plate Mail Armor
44:43 Chain Barding Armor
53:25 Town Watch
59:19 Elite Skirmisher
60:05 Thumb Ring
Dora Explora
7:50 Loom
9:53 Feudal Age
10:35 Double-Bit Axe
10:39 Horse Collar
14:24 Wheelbarrow
18:43 Castle Age
18:22 Gold Mining
18:23 Stone Mining
19:54 Bow Saw
19:45 Heavy Plow
26:21 Hand Cart
32:17 Imperial Age
31:05 Gold Shaft Mining
31:05 Stone Shaft Mining
33:04 Fletching
33:15 Padded Archer Armor
34:18 Chemistry
33:24 Siege Engineers
33:31 Fortified Wall
33:42 Ballistics
33:57 Bodkin Arrow
34:02 Murder Holes
35:17 Caravan
36:25 Onager
38:10 Husbandry
38:21 Bloodlines
38:41 Bracer
38:57 Leather Archer Armor
38:58 Thumb Ring
38:21 Onager
38:46 Elite Mangudai
40:12 Conscription
40:28 Hoardings
45:28 Drill
45:09 Nomads
FoxyWaves
13:04 Feudal Age
12:33 Horse Collar
12:42 Double-Bit Axe
14:05 Gold Mining
14:53 Bow Saw
14:56 Heavy Plow
20:50 Castle Age
19:38 Stone Mining
21:05 Bow Saw
21:32 Gold Shaft Mining
21:47 Stone Shaft Mining
23:15 Scale Barding Armor
23:21 Forging
23:05 Fletching
25:36 Bodkin Arrow
26:48 Two-Man Saw
31:18 Crop Rotation
31:11 Chain Barding Armor
30:51 Bodkin Arrow
34:20 Burgundian Vineyards
36:24 Wheelbarrow
35:34 Town Watch
36:33 Iron Casting
37:39 Town Patrol
44:23 Imperial Age
45:13 Arrowslits
45:41 Masonry
45:50 Hand Cart
46:13 Bracer
46:35 Chain Barding Armor
47:16 Blast Furnace
47:37 Elite Coustillier
49:29 Architecture
52:55 Murder Holes
54:49 Hoardings
54:48 Ballistics
54:19 Treadmill Crane
55:20 Plate Barding Armor
54:11 Light Cavalry
54:51 Husbandry
57:06 Hussar
luhigy23
0:39 Loom
14:04 Feudal Age
15:24 Wheelbarrow
15:14 Double-Bit Axe
17:51 Castle Age
16:47 Horse Collar
19:01 Hand Cart
27:08 Bow Saw
27:03 Heavy Plow
28:38 Anarchy
28:42 Gold Mining
31:00 Forging
30:51 Scale Mail Armor
33:27 Imperial Age
32:29 Iron Casting
32:33 Town Watch
33:44 Squires
34:02 Chain Mail Armor
33:43 Elite Huskarl
34:25 Perfusion
35:33 Conscription
41:39 Chemistry
41:00 Ballistics
40:21 Treadmill Crane
41:58 Blast Furnace
47:30 Pikeman
49:31 Halberdier
承
7:35 Loom
9:56 Feudal Age
17:06 Castle Age
15:11 Double-Bit Axe
15:08 Horse Collar
15:33 Stone Mining
16:36 Bloodlines
16:57 Gold Mining
18:20 Husbandry
20:30 Squires
25:01 Bow Saw
30:25 Scale Barding Armor
33:26 Imperial Age
32:05 Wheelbarrow
31:15 Town Watch
32:02 Forging
31:18 Pikeman
33:09 Chain Barding Armor
33:26 Iron Casting
32:59 Scale Mail Armor
33:51 Hand Cart
34:15 Town Patrol
33:44 Halberdier
34:01 Light Cavalry
36:06 Plate Barding Armor
35:26 Hussar
41:28 Blast Furnace
42:09 Elite Conquistador
45:04 Murder Holes
46:10 Chemistry
48:12 Chain Mail Armor
58:34 Two-Man Saw
58:06 Plate Mail Armor
57:59 Ballistics
Connection lost

Rejoining the realm…

Still unreachable

The connection could not be restored.

Session expired

The server has moved on; the page needs a fresh start.